 Dungeon Crawl Stone Soup version 0.19.4 (webtiles) character file.

6742 Minion the Grappler (level 10, -3/102 HPs)
             Began as a Troll Monk on Feb 6, 2017.
             Slain by an azure jelly (41 damage)
             ... on level 1 of the Pits of Slime.
             The game lasted 00:25:08 (8513 turns).

Minion the Grappler (Troll Monk)                    Turns: 8513, Time: 00:25:09

Health: -3/102     AC:  8    Str: 21    XL:     10   Next: 75%
Magic:  9/9        EV: 14    Int:  6    God:
Gold:   612        SH:  0    Dex: 15    Spells: 0 memorised, 9 levels left

rFire  . . .     SeeInvis +       - Unarmed
rCold  . . .     Gourm    +     v - +0 troll leather armour {Purgy}
rNeg   . . .     Faith    .     (no shield)
rPois  .         Spirit   .     (helmet restricted)
rElec  .         Reflect  .     m - +0 cloak
rCorr  .         Harm     .     (gloves unavailable)
MR     .....                    (boots unavailable)
Stlth  ++........               n - amulet of magic regeneration
                                (no ring)
                                j - ring of see invisible

@: no status effects
A: unfitting armour, claws 3, fast metabolism 3, gourmand, regeneration 1,
shaggy fur 1, tough skin 2
a: no special abilities


You were on level 1 of the Pits of Slime.
You were very full.

You visited 4 branches of the dungeon, and saw 16 of its levels.
You also visited: Sewer.

You collected 612 gold pieces.

Inventory:

Armour
 a - a +1 robe
 m - a +0 cloak (worn)
 v - a +0 troll leather armour (worn) {Purgy}
Jewellery
 j - a ring of see invisible (left claw)
 n - an amulet of magic regeneration (around neck)
 B - an uncursed ring of poison resistance {unknown}
Wands
 t - a wand of confusion (8/48)
 C - a wand of disintegration (10/24)
 G - a wand of polymorph (15/24)
 H - a wand of digging (7/24)
Scrolls
 c - 2 scrolls of random uselessness {unknown}
 d - 4 scrolls of enchant armour
 g - 2 scrolls of remove curse
 h - 3 scrolls of magic mapping
 i - 10 scrolls of identify
 w - a scroll of fear
 x - a scroll of blinking {unknown}
 y - a scroll of teleportation {unknown}
Potions
 e - 3 potions of might {unknown}
 k - a potion of invisibility
 p - 5 potions of flight {unknown}
 s - 5 potions of heal wounds {unknown}
 u - a potion of curing
 z - 2 potions of magic {unknown}
 A - 2 potions of brilliance {unknown}
 F - a potion of degeneration {unknown}
 I - a potion of mutation {unknown}
Books
 l - a book of Maledictions

   Spells                             Type                      Level
   a - Corona                         Hexes                        1
   b - Ensorcelled Hibernation        Hexes/Ice                    2
   c - Confuse                        Hexes                        3
   d - Tukima's Dance                 Hexes                        3
   e - Dazzling Spray                 Conjuration/Hexes            3
 o - a book of Changes

   Spells                             Type                      Level
   a - Beastly Appendage              Transmutation                1
   b - Sticks to Snakes               Transmutation                2
   c - Spider Form                    Transmutation/Poison         3
   d - Ice Form                       Ice/Transmutation            4
   e - Blade Hands                    Transmutation                5
 D - a book of Callings

   Spells                             Type                      Level
   a - Summon Small Mammal            Summoning                    1
   b - Call Imp                       Summoning                    2
   c - Call Canine Familiar           Summoning                    3
   d - Summon Guardian Golem          Hexes/Summoning              3
   e - Summon Lightning Spire         Summoning/Air                4
   f - Summon Ice Beast               Ice/Summoning                4
Comestibles
 b - 6 bread rations
 f - 3 meat rations
 q - 10 fruits
 r - 2 royal jellies
 E - a beef jerky


   Skills:
 + Level 7.2 Fighting
 + Level 2.7 Armour
 + Level 7.0 Dodging
 - Level 1.0 Stealth
 * Level 11.7 Unarmed Combat


You had 9 spell levels left.
You didn't know any spells.

Dungeon Overview and Level Annotations

Branches:
Dungeon (9/15)             Temple (1/1) D:7            Lair (5/6) D:9
  Slime (1/5) Lair:5
  Swamp: Lair:2-4    Shoals: Lair:2-4     Snake: Lair:2-4    Spider: Lair:2-4
    Orc: D:9-12

Altars:
Ashenzari
Cheibriados
Dithmenos
Elyvilon
Fedhas
Gozag
Hepliaklqana
Kikubaaqudgha
Makhleb
Nemelex Xobeh
Okawaru
Qazlal
Ru
Sif Muna
Trog
Uskayaw
Vehumet
Xom
Yredelemnul
Zin
The Shining One

Annotations:
D:2 1 runed door


Innate Abilities, Weirdness & Mutations

You are too large for most types of armour.
You have claws for hands.
Your metabolism is lightning-fast.
You like to eat raw meat.
Your natural rate of healing is unusually fast.
You are covered in fur. (AC +1)
You have very tough skin. (AC +2)


Message History

This branch is unnaturally silent, and so sound travels much further.
This branch contains the slimy rune of Zot.
There is a staircase back to the Lair here.
Found a stone staircase leading down.
An azure jelly comes into view.
The azure jelly quivers.
The azure jelly jiggles.
You scratch the azure jelly.
The azure jelly is lightly wounded.
The azure jelly closely misses you.
The azure jelly hits you but does no damage. x3
You barely miss the azure jelly.
The azure jelly is lightly wounded.
The azure jelly hits you. The azure jelly freezes you!!!
The azure jelly hits you but does no damage.
The azure jelly hits you. The azure jelly hits you!
You claw the azure jelly!
The azure jelly is moderately wounded.
The azure jelly hits you but does no damage.
The azure jelly hits you! The azure jelly freezes you!!!
You die...

#.######
##.#.##.##
#........#
#.<....##
#.......## #
##..#.....##.#.
#...#..........
###.#...........
#......@........
.......J......#.
................
#..#............
#......>........
##..............
###..#....#...#
###........#


You could see an azure jelly.

Vanquished Creatures
  The ghost of fatfloppyjuicyveiny the Spear-Bearer, a novice OpBe of Trog (D:6)
  An elephant (Lair:3)
  2 komodo dragons (Lair:3)
  A polar bear (Lair:2)
  Grinder (D:3)
  A blink frog (Lair:5)
  Prince Ribbit (D:5)
  2 slime creatures (Lair:5)
  Sigmund (D:2)
  3 yaks (Lair:4)
  The ghost of baghtru the Skirmisher, an amateur HOFi (D:4)
  A hungry ghost (D:9)
  Edmund (D:6)
  Duvessa (D:6)
  3 water moccasins
  Purgy (Sewer)
  An eye of draining (D:9)
  An ice beast (D:7)
  2 phantoms
  3 sky beasts
  An ogre (D:7)
  A necrophage (D:8)
  A crocodile (Lair:3)
  4 bullfrogs
  2 scorpions
  Dowan (D:6)
  7 killer bees (D:8)
  2 howler monkeys
  4 crimson imps
  2 centaur skeletons
  4 hounds
  2 jellies (Lair:5)
  6 orc priests
  4 orc wizards
  3 iguanas
  6 worker ants
  A hound skeleton (D:4)
  Robin (D:3)
  2 worker ant zombies
  3 gnolls (D:3)
  10 adders
  A shadow imp (D:5)
  An ooze (D:1)
  An adder zombie (D:5)
  2 adder skeletons
  A worm (D:2)
  2 dart slugs (D:1)
  2 leopard geckos (D:6)
  26 orcs
  4 ball pythons (Sewer)
  8 giant cockroaches
  14 goblins
  11 hobgoblins
  3 jackals (D:6)
  10 kobolds
  A quokka (D:3)
  9 bats
  8 frilled lizards
  A leopard gecko skeleton (D:5)
  A quokka zombie (D:9)
  8 rats
210 creatures vanquished.

Notes
Turn   | Place    | Note
-------+----------+-------------------------------------------
     0 | D:1      | Minion the Troll Monk began the quest for the Orb.
     0 | D:1      | Reached XP level 1. HP: 22/22 MP: 0/0
    82 | D:1      | Reached XP level 2. HP: 17/29 MP: 1/1
   287 | D:1      | Reached XP level 3. HP: 28/36 MP: 2/2
   668 | D:2      | Noticed Sigmund
   692 | D:2      | Killed Sigmund
   692 | D:2      | Reached skill level 5 in Unarmed Combat
   692 | D:2      | Reached XP level 4. HP: 18/45 MP: 3/3
   692 | D:2      | Reached XP level 5. HP: 21/53 MP: 4/4
   934 | D:2      | Found a faded altar of an unknown god.
  1020 | D:2      | Found a runed door.
  1363 | D:3      | Noticed a fire elemental
  1365 | D:3      | Found a stormy altar of Qazlal.
  1368 | D:3      | Noticed an air elemental
  1368 | D:3      | Noticed a water elemental
  1390 | D:3      | Noticed Grinder
  1395 | D:3      | Reached XP level 6. HP: 41/61 MP: 5/5
  1421 | D:3      | Paralysed by Grinder for 3 turns
  1437 | D:3      | Killed Grinder
  1589 | D:3      | Reached skill level 6 in Unarmed Combat
  1589 | D:3      | Reached XP level 7. HP: 65/68 MP: 6/6
  1603 | D:3      | Found a radiant altar of Vehumet.
  1649 | D:3      | Noticed Robin
  1662 | D:3      | Killed Robin
  1702 | D:3      | Found a sparkling altar of Nemelex Xobeh.
  2108 | D:4      | Noticed baghtru's ghost (amateur HOFi)
  2495 | D:4      | Found an iron altar of Okawaru.
  2560 | D:4      | Killed baghtru's ghost
  2696 | D:4      | Reached skill level 7 in Unarmed Combat
  2868 | D:4      | Found a blossoming altar of Fedhas.
  3169 | D:4      | Reached XP level 8. HP: 79/79 MP: 7/7
  3187 | D:5      | Entered Level 5 of the Dungeon
  3344 | D:5      | Noticed Prince Ribbit
  3357 | D:5      | HP: 2/79 [Prince Ribbit (15)]
  3648 | D:5      | Reached skill level 8 in Unarmed Combat
  3816 | D:5      | Killed Prince Ribbit
  3816 | D:5      | Reached skill level 5 in Fighting
  3847 | D:5      | Reached skill level 5 in Dodging
  4025 | D:6      | Found a glowing drain.
  4053 | Sewer    | Entered a sewer
  4108 | Sewer    | Noticed Purgy
  4114 | Sewer    | Killed Purgy
  4302 | D:6      | Noticed Edmund
  4308 | D:6      | Killed Edmund
  4308 | D:6      | Reached skill level 9 in Unarmed Combat
  4308 | D:6      | Reached XP level 9. HP: 82/88 MP: 8/8
  4345 | D:6      | Noticed Duvessa
  4357 | D:6      | Noticed Dowan
  4377 | D:6      | Killed Dowan
  4490 | D:6      | Killed Duvessa
  4556 | D:6      | Noticed fatfloppyjuicyveiny's ghost (novice OpBe)
  4563 | D:6      | Killed fatfloppyjuicyveiny's ghost
  4805 | D:6      | Found an ancient bone altar of Kikubaaqudgha.
  4805 | D:6      | Found a shadowy altar of Dithmenos.
  4807 | D:6      | Found a shimmering altar of Xom.
  4808 | D:6      | Found an opulent altar of Gozag.
  4809 | D:6      | Found a bloodstained altar of Trog.
  4809 | D:6      | Found a stormy altar of Qazlal.
  4998 | D:6      | Found a shattered altar of Ashenzari.
  5676 | D:7      | Reached skill level 10 in Unarmed Combat
  5740 | D:7      | Found a staircase to the Ecumenical Temple.
  5747 | Temple   | Entered the Ecumenical Temple
  6049 | D:7      | Found a burning altar of Makhleb.
  7047 | D:8      | Reached XP level 10. HP: 92/100 MP: 9/9
  7478 | D:9      | Reached skill level 1 in Armour
  7723 | D:9      | Found a staircase to the Lair.
  7881 | Lair:1   | Entered Level 1 of the Lair of Beasts
  7940 | Lair:2   | Reached skill level 11 in Unarmed Combat
  8193 | Lair:3   | Found a glowing golden altar of the Shining One.
  8309 | Lair:4   | Noticed an elephant
  8310 | Lair:4   | Noticed an elephant
  8310 | Lair:4   | Noticed an elephant
  8314 | Lair:4   | Noticed an elephant
  8356 | Lair:4   | Noticed an elephant
  8362 | Lair:3   | Killed an elephant
  8387 | Lair:4   | Noticed an elephant
  8415 | Lair:5   | Found a staircase to the Slime Pits.
  8500 | Slime:1  | Entered Level 1 of the Pits of Slime
  8507 | Slime:1  | Noticed an azure jelly
  8513 | Slime:1  | Slain by an azure jelly

Skill      XL: |  1  2  3  4  5  6  7  8  9 10 |
---------------+-------------------------------+-----
Fighting       | 3 4 5 6 7 |  7.2
Dodging        | 3 4 5 6 7 |  7.0
Unarmed Combat | 5 6 7 9 10 11 | 11.7
Armour         | 2 |  2.7
Stealth        | |  1.0

Action                   |  1- 3 |  4- 6 |  7- 9 | 10-12 || total
-------------------------+-------+-------+-------+-------++-------
Melee: Unarmed           |   106 |    76 |   408 |   124 ||   714
       Punch             |     1 |     2 |    15 |     4 ||    22
Evoke: Wand              |       |       |     7 |       ||     7
  Use: Scroll            |       |     1 |    10 |       ||    11
       Potion            |       |       |     5 |       ||     5
 Stab: Sleeping          |       |     1 |       |       ||     1
       Confused          |       |       |     2 |       ||     2
       Distracted        |       |       |     1 |       ||     1
  Eat: Chunk             |    12 |     8 |    46 |    17 ||    83
       Meat ration       |       |       |     1 |       ||     1
Armor: Robe              |    38 |    20 |    48 |       ||   106
       Troll leather arm |       |       |    57 |    35 ||    92
Dodge: Dodged            |    48 |    48 |   245 |    64 ||   405
